AoeStats
← TioMg100

Black Forest

510515171Analyzed
2v2 RM · 2d ago on Oct 1, 2026· 45m 17s· 4 players
Game mode
Random Map
Map size
Medium (4 player)
Population
200
Speed
Normal
Resources
Standard
Victory
Conquest
Starting age
Dark Age
Ending age
Imperial Age
RankedLock teamsTeams togetherTeam positionsShared explorationLock speedFull tech treeHidden civsTurbo modeCheats
Victory
Defeat
🇹🇷 Spanish · Türkiye
1152
+14
🇨🇳 Varangians · China
1140
+15
🇧🇷 Britons · Brazil
1159
-16
🇧🇷 Franks · Brazil
1067
-13
SAPOSECO
1:18 Loom
11:55 Feudal Age
16:04 Castle Age
14:30 Double-Bit Axe
14:46 Gold Mining
15:34 Stone Mining
19:03 Bow Saw
26:26 Wheelbarrow
29:19 Imperial Age
27:41 Gold Shaft Mining
26:56 Stone Mining
27:27 Hand Cart
27:33 Scale Barding Armor
28:13 Padded Archer Armor
28:04 Fletching
28:04 Pikeman
28:45 Squires
30:06 Husbandry
31:35 Chemistry
30:26 Arrowslits
31:19 Cavalier
33:06 Ballistics
36:13 Masonry
36:00 Murder Holes
36:15 Fortified Wall
35:46 Treadmill Crane
36:01 Guard Tower
36:23 Clinker Construction
36:23 Careening
37:06 Hoardings
36:41 Paladin
44:08 Light Cavalry
TioMg100
1:08 Loom
13:26 Feudal Age
15:38 Double-Bit Axe
20:38 Castle Age
19:34 Fletching
20:59 Stone Mining
21:01 Town Watch
24:24 Bow Saw
24:07 Horse Collar
27:44 Crossbowman
31:18 Heavy Plow
34:13 Imperial Age
32:14 Gold Mining
33:41 Wheelbarrow
33:48 Elite Skirmisher
34:28 Bodkin Arrow
34:35 Padded Archer Armor
35:21 Hand Cart
35:07 Town Patrol
36:43 Gold Shaft Mining
37:12 Two-Man Saw
37:22 Conscription
37:20 Arbalester
38:22 Bracer
38:38 Leather Archer Armor
37:50 Pikeman
38:31 Squires
38:19 Arson
39:52 Yeomen
40:35 Ballistics
41:16 Chemistry
39:57 Treadmill Crane
40:44 Scale Mail Armor
40:55 Forging
41:15 Ring Archer Armor
40:20 Halberdier
42:00 Chain Mail Armor
42:55 Iron Casting
43:08 Caravan
44:57 Plate Mail Armor
44:20 Man-at-Arms
44:45 Gambesons
小敏
10:50 Feudal Age
11:51 Loom
12:18 Double-Bit Axe
15:12 Castle Age
16:43 Bow Saw
24:41 Horse Collar
25:40 Wheelbarrow
24:51 Town Watch
25:48 Gold Mining
25:50 Stone Mining
25:56 Stone Mining
25:57 Gold Mining
28:25 Stone Shaft Mining
27:57 Heavy Plow
28:46 Scale Mail Armor
28:56 Forging
28:37 Fletching
34:04 Imperial Age
31:36 Town Patrol
31:51 Hand Cart
32:27 Chain Mail Armor
32:48 Iron Casting
32:08 Bodkin Arrow
32:20 Murder Holes
32:06 Treadmill Crane
32:40 Fortified Wall
34:17 Arson
34:33 Squires
34:19 Gambesons
34:18 Elite Varangian Guard
36:03 Conscription
35:04 Gothikon
36:57 Caravan
36:51 Capped Ram
39:17 Siege Ram
40:08 Scale Barding Armor
41:16 Plate Mail Armor
41:47 Blast Furnace
40:50 Bracer
GANZA
0:40 Loom
10:36 Feudal Age
18:08 Castle Age
16:04 Double-Bit Axe
16:00 Horse Collar
25:49 Wheelbarrow
30:38 Imperial Age
28:21 Bow Saw
28:34 Heavy Plow
29:34 Hand Cart
29:04 Town Watch
30:39 Hand Cart
31:08 Forging
31:04 Scale Barding Armor
30:50 Fletching
31:00 Padded Archer Armor
31:22 Husbandry
31:07 Cavalier
32:27 Town Watch
33:38 Iron Casting
33:23 Chain Barding Armor
34:12 Chemistry
33:21 Gold Mining
33:20 Paladin
34:31 Ballistics
35:01 Stone Mining
36:47 Conscription
36:53 Caravan
38:28 Blast Furnace
38:03 Plate Barding Armor
37:24 Bodkin Arrow
37:44 Leather Archer Armor
39:20 Scale Mail Armor
42:50 Two-Man Saw
44:01 Elite Conquistador
44:47 Bracer
45:17 Ring Archer Armor
Connection lost

Rejoining the realm…

Still unreachable

The connection could not be restored.

Session expired

The server has moved on; the page needs a fresh start.